 Dungeon Crawl Stone Soup version 0.23-a0-644-gb60d84b (webtiles) character file.

1696 Borgoz the Chopper (level 9, -4/75 HPs)
             Began as a Ghoul Abyssal Knight on Jan 1, 2019.
             Was an Elder of Lugonu.
             Killed from afar by an electric eel (14 damage)
             ... with a bolt of electricity
             ... on level 7 of the Dungeon.
             The game lasted 00:16:29 (5311 turns).

Borgoz the Chopper (Ghoul Abyssal Knight)           Turns: 5311, Time: 00:16:29

Health: -4/75      AC: 10    Str: 16    XL:     9   Next: 3%
Magic:  9/9        EV: 13    Int:  7    God:    Lugonu [****..]
Gold:   96         SH:  0    Dex: 15    Spells: 8/8 levels left

rFire    . . .     SeeInvis .   b - +1 hand axe (chop)
rCold    + . .     Gourm    .   (no shield)
rNeg     + + +     Faith    .   i - +2 troll leather armour
rPois    ∞         Spirit   .   (no helmet)
rElec    .         Reflect  .   f - +2 cloak {MR+}
rCorr    .         Harm     .   (no gloves)
MR       +....                  (no boots)
Stlth    ++........             (no amulet)
HPRegen  0.00/turn              g - +4 ring of dexterity
MPRegen  0.11/turn              y - ring of stealth

@: rotting
A: rotting body, claws 1, carnivore, cold resistance 1, negative energy
resistance 3, inhibited regeneration, torment resistance, unbreathing
a: Depart the Abyss, Bend Space, Banish, Corrupt, Renounce Religion


You were on level 7 of the Dungeon.
You worshipped Lugonu.
Lugonu was greatly pleased with you.
You were not hungry.

You visited 2 branches of the dungeon, and saw 8 of its levels.
You visited the Abyss 1 time.

You collected 294 gold pieces.
You spent 198 gold pieces at shops.

Inventory:

Hand Weapons
 a - the +3 rapier of Idabbu {venom, Str+5}
   (You bought it in a shop on level 5 of the Dungeon)

   It poisons the flesh of those it strikes.
   It affects your strength (+5).
 b - a +1 hand axe of chopping (weapon)
Armour
 f - a +2 cloak of magic resistance (worn)
 h - a +1 scale mail
 i - a +2 troll leather armour (worn)
Jewellery
 g - a +4 ring of dexterity (left claw)
 y - a ring of stealth (right claw)
 H - an uncursed ring of positive energy
Wands
 k - a wand of digging (3)
 z - a wand of flame (16)
 A - a wand of scattershot (6)
Scrolls
 d - 2 scrolls of fear {unknown}
 e - a scroll of enchant weapon {unknown}
 j - a scroll of immolation {unknown}
 l - a scroll of fog
 n - a scroll of random uselessness {unknown}
 o - 2 scrolls of remove curse
 p - a scroll of identify
 s - 2 scrolls of teleportation
 u - a scroll of amnesia {unknown}
 C - a scroll of noise {unknown}
 E - a scroll of blinking {unknown}
 F - a scroll of silence {unknown}
Potions
 m - a potion of curing
 q - a potion of invisibility
 r - 2 potions of brilliance
 t - a potion of resistance {unknown}
 v - a potion of agility {unknown}
 w - a potion of lignification {unknown}
 x - a potion of mutation {unknown}
 B - a potion of cancellation {unknown}
 D - a potion of flight
Comestibles
 c - 13 rations
 G - 2 chunks of flesh


   Skills:
 + Level 6.1 Fighting
 + Level 7.1 Axes
 + Level 5.0 Armour
 + Level 3.5 Dodging
 - Level 2.0 Invocations
 + Level 1.0 Evocations


You had 8 spell levels left.
You didn't know any spells.
Your spell library contained the following spells:

 Spells                   Type           Power        Failure   Level  Hunger
 Summon Small Mammal      Summ           #...         50%         1    ##.....
 Call Imp                 Summ           #.......     63%         2    ###....
 Call Canine Familiar     Summ           #.......     86%         3    ####...
 Summon Guardian Golem    Hex/Summ       #.......     86%         3    ####...
 Summon Ice Beast         Ice/Summ       #.......     99%         4    #####..
 Summon Lightning Spire   Summ/Air       #.......     99%         4    #####..


Dungeon Overview and Level Annotations

Branches:
Dungeon (7/15)             Temple (1/1) D:4

Altars:
Ashenzari
Cheibriados
Dithmenos
Elyvilon
Gozag
Hepliaklqana
Makhleb
Nemelex Xobeh
Okawaru
Qazlal
Sif Muna
Trog
Uskayaw
Vehumet
Wu Jian
Xom
Yredelemnul
Zin
The Shining One

Shops:
D:5 (


Innate Abilities, Weirdness & Mutations

Your body is rotting away.
You thrive on raw meat.
You are immune to poison.
You have sharp fingernails.
You are carnivorous and can eat meat at any time.
Your flesh is cold resistant. (rC+)
You are immune to negative energy. (rN+++)
You do not regenerate when monsters are visible.
You are immune to unholy pain and torment.
You can survive without breathing.


Message History

The electric eel completely resists.
The electric eel shoots out a bolt of lightning at you!
The bolt of electricity hits you!
You are too injured to fight recklessly!
You are too injured to fight recklessly!
You miss the electric eel.
The electric eel is almost dead.
The electric eel shoots out a bolt of lightning at you!
The bolt of electricity misses you. The bolt of electricity hits you!
The bolt of electricity hits the electric eel.
The electric eel completely resists.
The electric eel shoots out a bolt of lightning at you!
The bolt of electricity hits you!
* * * LOW HITPOINT WARNING * * *
The electric eel shoots out a bolt of lightning at you!
The bolt of electricity hits you!
* * * LOW HITPOINT WARNING * * *
The electric eel shoots out a bolt of lightning at you!
The bolt of electricity hits you!
You die...

###................♣♣≈≈♣≈≈P
...................♣≈≈≈≈≈≈♣
....................≈P♣
......................♣
......................#
......................#
......................#
......................#
#+##############@####..#
....# #....# #.### ÷...#
#.##.##≈≈.≈≈# ....#
##.###.;≈≈≈≈#≈.## ....##
#..##≈#≈≈≈≈#≈≈≈≈## .....#
#..#≈≈≈;≈≈≈≈≈≈≈≈≈# .....#
#.#[≈≈≈≈≈≈≈≈≈#≈≈≈. .....#
#.#≈≈≈≈≈#≈≈≈≈≈≈≈ ≈ .....#
#.≈≈#≈≈≈≈≈≈≈≈≈ ≈w≈


You could see an electric eel.

Vanquished Creatures
  A troll (D:4)
  A hungry ghost (D:5)
  A sky beast (D:6)
  An ice beast (D:7)
  A phantom (D:6)
  2 ogres (D:5)
  2 bullfrogs (D:6)
  3 scorpions
  4 hounds
  2 bullfrog skeletons (D:6)
  3 orc wizards
  Ijyb (D:4)
  An iguana (D:5)
  A worker ant (D:4)
  A howler monkey zombie (D:6)
  12 adders
  An ooze (D:1)
  An adder skeleton (D:6)
  An adder zombie (D:6)
  A worm (D:6)
  6 dart slugs
  6 leopard geckos
  21 orcs
  2 ball pythons
  7 giant cockroaches
  9 goblins
  10 hobgoblins
  12 jackals
  8 quokkas
  11 bats
  9 frilled lizards
  A giant cockroach zombie (D:6)
  A jackal zombie (D:5)
  8 kobolds
  12 rats
164 creatures vanquished.

Notes
Turn   | Place    | Note
-------+----------+-------------------------------------------
     0 | Abyss:1  | Borgoz the Ghoul Abyssal Knight began the quest for the
                  | Orb.
     0 | Abyss:1  | Reached XP level 1. HP: 19/19 MP: 1/1
    42 | Abyss:3  | Found a corrupted altar of Lugonu.
    76 | Abyss:3  | Noticed a blink frog
    86 | Abyss:3  | Noticed a small abomination
    94 | D:1      | Escaped the Abyss
   211 | D:1      | Reached * piety under Lugonu
   301 | D:1      | Reached XP level 2. HP: 26/26 MP: 2/2
   314 | D:1      | Reached skill level 2 in Axes
   314 | D:1      | Reached skill level 1 in Dodging
   460 | D:1      | Reached XP level 3. HP: 30/33 MP: 3/3
  1047 | D:2      | Reached ** piety under Lugonu
  1187 | D:2      | Reached XP level 4. HP: 30/40 MP: 4/4
  1275 | D:2      | Found a burning altar of Makhleb.
  1275 | D:2      | Found an ornate altar of the Wu Jian Council.
  1394 | D:2      | Found a shattered altar of Ashenzari.
  1745 | D:2      | Reached skill level 3 in Axes
  2065 | D:2      | Reached XP level 5. HP: 42/46 MP: 5/5
  2355 | D:3      | Reached *** piety under Lugonu
  2422 | D:3      | Found a stormy altar of Qazlal.
  2424 | D:3      | Noticed a fire elemental
  2425 | D:3      | Noticed an air elemental
  2425 | D:3      | Noticed a water elemental
  2461 | D:3      | Found a shadowy altar of Dithmenos.
  2543 | D:3      | Found a snail-covered altar of Cheibriados.
  2765 | D:4      | Noticed Ijyb
  2792 | D:4      | Killed Ijyb
  2836 | D:4      | Found a staircase to the Ecumenical Temple.
  2854 | D:4      | Reached XP level 6. HP: 44/53 MP: 6/6
  2858 | D:4      | Reached skill level 4 in Axes
  2872 | D:4      | Found a hazy altar of Hepliaklqana.
  3102 | D:4      | Noticed a troll
  3111 | D:4      | Killed a troll
  3111 | D:4      | Reached XP level 7. HP: 52/60 MP: 7/7
  3159 | Temple   | Entered the Ecumenical Temple
  3277 | D:4      | Reached skill level 5 in Axes
  3682 | D:5      | Entered Level 5 of the Dungeon
  3697 | D:5      | Reached skill level 5 in Fighting
  3710 | D:5      | Found Izxiraubb's Antique Weapon Emporium.
  3718 | D:5      | Bought a crystal rapier for 198 gold pieces
  3718 | D:5      | Identified the +3 rapier of Idabbu {venom, Str+5} (You
                  | bought it in a shop on level 5 of the Dungeon)
  3750 | D:5      | Noticed a hungry ghost
  3774 | D:5      | Killed a hungry ghost
  3863 | D:5      | Reached XP level 8. HP: 64/68 MP: 8/8
  3974 | D:5      | Reached skill level 6 in Axes
  4318 | D:6      | Reached **** piety under Lugonu
  4535 | D:6      | Reached skill level 1 in Evocations
  4574 | D:6      | Found a basalt altar of Yredelemnul.
  4574 | D:6      | Found a bloodstained altar of Trog.
  4684 | D:6      | Found a deep blue altar of Sif Muna.
  4791 | D:6      | Reached skill level 5 in Armour
  5089 | D:7      | Noticed a hornet
  5218 | D:7      | Reached skill level 7 in Axes
  5218 | D:7      | Reached XP level 9. HP: 36/75 MP: 9/9
  5311 | D:7      | Killed from afar by an electric eel

Vault maps used:
D:1:      sevenhm_arrival_forest_fort_large_1, minmay_misc_feat_four_crosses
D:2:      ashenzari_conservatory_becter, gammafunk_temple_overflow_statue,
          minmay_distorted
D:3:      nicolae_dithmenos_through_a_glass_darkly,
          nicolae_qazlal_style_of_elements, kennysheep_slug_shrine, first_ration
D:4:      old_standard_altar, minmay_temple_entry_stoned_glass, uniq_ijyb
D:5:      serial_shops, kennysheep_mini
D:6:      kennysheep_little_box, gammafunk_temple_overflow_elements
D:7:      kennysheep_slugbush, grunt_temple_overflow_growth_and_decay,
          serial_bayou, serial_bayou_lagoon_a, serial_bayou_pond_a,
          serial_bayou_lake_a, grunt_livestock
Temple:   dpeg_three_leaves_temple
Abyss:3:  evilmike_abyss_exit_glass, doesnt_abyss_rune_brain_food,
          evilmike_abyss_exit_16

Skill      XL: |  1  2  3  4  5  6  7  8 |
---------------+-------------------------+-----
Axes           | 2 3 4 5 7 |  7.1
Armour         | 2 3 4 5 |  5.0
Dodging        | 1 2 3 |  3.5
Fighting       | 4 5 6 |  6.1
Evocations     | 1 |  1.0
Invocations    | |  2.0

Action                   |  1- 3 |  4- 6 |  7- 9 || total
-------------------------+-------+-------+-------++-------
Melee: Hand axe          |   131 |   217 |   240 ||   588
       War axe           |       |    65 |       ||    65
Invok: Depart the Abyss  |     1 |       |       ||     1
Evoke: Wand              |       |     4 |     7 ||    11
  Use: Scroll            |       |     4 |     7 ||    11
       Potion            |       |     1 |       ||     1
 Stab: Sleeping          |       |       |     2 ||     2
  Eat: Chunk             |    15 |    14 |    21 ||    50
Armor: Leather armour    |     9 |       |       ||     9
       Scale mail        |    53 |   181 |    94 ||   328
       Troll leather arm |       |       |    33 ||    33
Dodge: Dodged            |    74 |   199 |   164 ||   437

Table legend:
 A = Non-vault XP
 B = Vault XP
 C = Vault XP percentage of total XP
 D = Non-vault monster count
 E = Vault monster count
 F = Vault count percentage of total count
                 A         B        C        D         E       F
            +---------+---------+-------+---------+---------+-------
      Total |    2344 |      80 |   3.3 |     153 |      11 |   6.7
            +---------+---------+-------+---------+---------+-------
        D:1 |      55 |       1 |   1.8 |      31 |       1 |   3.1
        D:2 |      93 |      16 |  14.7 |      26 |       3 |  10.3
        D:3 |      83 |       4 |   4.6 |      28 |       1 |   3.4
        D:4 |     583 |      39 |   6.3 |      17 |       1 |   5.6
        D:5 |     639 |       0 |   0.0 |      18 |       0 |   0.0
        D:6 |     765 |       0 |   0.0 |      31 |       0 |   0.0
        D:7 |     126 |      20 |  13.7 |       2 |       5 |  71.4
            +---------+---------+-------+---------+---------+-------
